 Dungeon Crawl Stone Soup version 0.28.0-47-ge53b351184 (webtiles) character file.

Game seed: 9062212004890621574

423 101zpm the Magician (level 7, 0/45 HPs)
             Began as a Djinni Fire Elementalist on May 4, 2022.
             Slain by an adder (3 damage)
             ... on level 3 of the Dungeon.
             The game lasted 00:11:47 (4907 turns).

101zpm the Magician (Djinni Fire Elementalist)      Turns: 4907, Time: 00:11:49

Health: 0/45       AC:  3    Str:  7    XL:     7   Next: 17%
Gold:   102        EV: 11    Int: 18    God:
                   SH:  0    Dex: 14

rFire   + + .      SeeInvis .   j - +4 short sword (speed)
rCold   x . .      Faith    .   (no shield)
rNeg    . . .      Spirit   .   h - +0 leather armour
rPois   ∞          Reflect  .   (no helmet)
rElec   .          Harm     .   (no cloak)
rCorr   .          Rampage  .   (no gloves)
Will    .....                   (boots unavailable)
Stlth   ++........              (no amulet)
HPRegen 0.15/turn               (no ring)
MPRegen 0.00/turn               (no ring)

@: flying
A: sickness immunity, fire resistance 2, cold vulnerability 1, float, innate
caster, HP casting, extra vitality 1
a: no special abilities


You were on level 3 of the Dungeon.
You visited 1 branch of the dungeon, and saw 5 of its levels.

You collected 102 gold pieces.

Inventory:

Hand Weapons
 g - a +2 hand axe of flaming
 j - a +4 short sword of speed (weapon)
Armour
 a - a +0 robe
 h - a +0 leather armour (worn)
Jewellery
 e - a +6 ring of intelligence
Scrolls
 b - 2 scrolls of teleportation {unknown}
 c - a scroll of fog {unknown}
 d - 3 scrolls of identify {unknown}
Potions
 f - a potion of attraction {unknown}
 i - a potion of brilliance {unknown}
 k - a potion of flight {unknown}
 l - a potion of might {unknown}
 m - a potion of curing {unknown}


   Skills:
 + Level 1.1 Armour
 + Level 2.3 Dodging
 + Level 2.3 Stealth
 + Level 5.5 Spellcasting


You couldn't memorise any spells.
You knew the following spells:

 Your Spells              Type           Power      Damage    Failure   Level
a - Foxfire               Conj/Fire      96%        2x1d8     1%          1
b - Scorch                Fire           48%        2d7       3%          2
c - Conjure Flame         Conj/Fire      24%        6-21      6%          3
d - Inner Flame           Hex/Fire       24%        N/A       6%          3
e - Flame Wave            Conj/Fire      24%        2d7       19%         4
f - Slow                  Hex            96%        N/A       1%          1
g - Call Imp              Summ           24%        N/A       3%          2
h - Call Canine Familiar  Summ           24%        N/A       6%          3
Your spell library was empty.

Dungeon Overview and Level Annotations

Branches:
Dungeon (5/15)
 Temple: D:4-7

Altars:


Innate Abilities, Weirdness & Mutations

You are immune to sickness and miasma.
You are immune to poison.
Your flesh is very heat resistant. (rF++)
You are vulnerable to cold. (rC-)
You float through the air rather than walking.
You learn spells naturally, not from books.
Your magical power is your life essence.
You have superior vitality. (+4 MHP)


Message History

* * * LOW HITPOINT WARNING * * *
Your hound bites the orc.
Flame seeps out of the orc.
The orc is engulfed in blazing flames.
The orc explodes!
The fiery explosion engulfs your hound!!
You kill your hound!
Your hound's corpse disappears in a puff of smoke!
Casting: Scorch (safe; 3% risk of failure)
Confirm with . or Enter, or press ? or * to list all spells.
Aiming: Inner Flame (dangerous; 6% risk of failure)
Press: ? - help, Dir - move target, f - adder
Aim: an adder (chance to affect: 85%)
The adder is filled with an inner flame.
* * * LOW HITPOINT WARNING * * *
What are your orders? t - Shout!
Orders for allies: a - Attack new target. p - Attack previous target. r - Retreat! s - Stop attacking. g - Guard the area. f - Follow me.
Anything else - Cancel.
Gang up on whom?
Press: ? - help, Dir - move target, f/p - adder
Aim: an adder (inner flame) Attack!
Your magical contamination has completely faded away.
A phantom comes into view.
Something misses your crimson imp.
Your crimson imp blinks!
There is an open door here.
There is a stone staircase leading up here.
The adder bites you.
* * * LOW HITPOINT WARNING * * *
You fly upwards.
There is a stone staircase leading down here.
Casting: Foxfire (safe; 1% risk of failure)
Press: ? - help, Q - select action, (/) - cycle Dir - look around, f - activate You conjure some foxfire!
* * * LOW HITPOINT WARNING * * *
The adder bites you.
You die...

#.##..# #.....# ###.#
#.##..# ####### #.#
#.....# ######### #.#
####.#######..§....#
#<# #....)....#####.#
#.#
#..#####..#####.####.#
#..#####..##..........
#...vS##..##.##.##.###
##.##@##..##.##.##.##.
#.##.v.........##.##(
#.......#########...>
######### ####. ####.
#.... #.##. #.##.
#.##.


You could see an adder (inner flame, ally target).

Vanquished Creatures
  An ogre (D:4)
  A wyvern zombie (D:4)
  A howler monkey (D:4)
  A hound (D:4)
  A gnoll shaman (D:5)
  Robin (D:2)
  5 gnolls (D:5)
  4 adders
  A white imp (D:3)
  A worm (D:2)
  A dart slug (D:2)
  5 orcs
  7 ball pythons
  5 endoplasms
  A giant cockroach (D:3)
  6 hobgoblins
  4 jackals (D:2)
  7 kobolds
  A quokka (D:3)
  A frilled lizard (D:3)
  14 goblins
  4 rats
73 creatures vanquished.

Vanquished Creatures (collateral kills)
  A foxfire (D:2)
1 creature vanquished.

Vanquished Creatures (others)
  334 foxfires
  8 plants (D:2)
342 creatures vanquished.

Grand Total: 416 creatures vanquished

Notes
Turn   | Place    | Note
-------+----------+-------------------------------------------
     0 | D:1      | 101zpm the Djinni Fire Elementalist began the quest for the
                  | Orb.
     0 | D:1      | Reached XP level 1. HP: 15/15 MP: 0/0
   160 | D:2      | Reached XP level 2. HP: 2/21 MP: 0/0
   822 | D:2      | Reached skill level 3 in Spellcasting
   822 | D:2      | Noticed Robin
   827 | D:2      | Reached XP level 3. HP: 14/25 MP: 0/0
   827 | D:2      | Learned a level 1 spell: Slow
   833 | D:2      | Killed Robin
  1621 | D:2      | Reached XP level 4. HP: 26/31 MP: 0/0
  3423 | D:3      | Reached XP level 5. HP: 30/35 MP: 0/0
  3423 | D:3      | Learned a level 2 spell: Call Imp
  3584 | D:3      | Reached skill level 4 in Spellcasting
  4258 | D:5      | Entered Level 5 of the Dungeon
  4413 | D:5      | Reached XP level 6. HP: 7/40 MP: 0/0
  4866 | D:4      | Noticed an ogre
  4869 | D:4      | Reached skill level 5 in Spellcasting
  4871 | D:4      | Killed an ogre
  4872 | D:4      | Reached skill level 1 in Armour
  4872 | D:4      | Reached XP level 7. HP: 26/45 MP: 0/0
  4872 | D:4      | Learned a level 3 spell: Call Canine Familiar
  4907 | D:3      | Slain by an adder

Illustrated notes

Levels and vault maps discovered:
D:1:      dpeg_arrival_fog, layout_rooms, shapermc_ecumenical_altar_hornbeckon
D:2:      cheibrodos_old_hovel, layout_loops_ring,
          chequers_serial_rivers_micro_b, uniq_robin
D:3:      layout_loops_cross
D:4:      wander_river, layout_gridville, old_standard_altar,
          gammafunk_temple_overflow_wave, minmay_temple_entry_large_hall
D:5:      layout_loops_ring, general_overflow_altar, serial_shops,
          nicolae_shop_waterfront, ebering_ghost_disaster_area

Skill      XL: |  1  2  3  4  5  6 |
---------------+-------------------+-----
Spellcasting   | 3 4 5 |  5.5
Stealth        | 2 |  2.3
Armour         | 1 |  1.1
Dodging        | |  2.3

Action                   |  1- 3 |  4- 6 |  7- 9 || total
-------------------------+-------+-------+-------++-------
 Cast: Foxfire           |    84 |   124 |     2 ||   210
       Scorch            |     4 |     9 |     1 ||    14
       Slow              |     2 |       |       ||     2
       Inner Flame       |       |    23 |     5 ||    28
       Call Imp          |       |     2 |     1 ||     3
       Call Canine Famil |       |       |     1 ||     1
Armor: Robe              |     1 |     1 |       ||     2
Dodge: Dodged            |     7 |     2 |       ||     9
